 Dungeon Crawl Stone Soup version 0.13-a0-3073-ga7cf4ae (webtiles) character file.

151 Malachi the Skirmisher (level 4, 48/48 HPs)
             Began as an Ogre Berserker on Sept 16, 2013.
             Was a Believer of Trog.
             Got out of the dungeon alive.
             The game lasted 00:05:01 (1333 turns).

Malachi the Skirmisher (Ogre Berserker)             Turns: 1333, Time: 00:05:01

HP  48/48        AC  3     Str 23      XL: 4   Next: 57%
MP   3/3         EV 10     Int  6      God: Trog [**....]
Gold 60          SH  0     Dex  9      Spells:  0 memorised,  3 levels left

Res.Fire  : . . .   See Invis. : .   a - +0 mace
Res.Cold  : . . .   Warding    : .   b - +0 animal skin
Life Prot.: . . .   Conserve   : .   (shield restricted)
Res.Poison: .       Res.Corr.  : .   (helmet restricted)
Res.Elec. : .       Clarity    : .   (no cloak)
Sust.Abil.: . .     Spirit.Shd : .   (gloves unavailable)
Res.Mut.  : .       Stasis     : .   (boots unavailable)
Res.Rott. : .       Flight     : .   (no amulet)
Saprovore : + . .                    (no ring)
                                     (no ring)

@: slightly resistant to hostile enchantments, very unstealthy
A: unfitting armour, fast metabolism 1, saprovore 1, tough skin 1
a: Burn Spellbooks, Berserk, Trog's Hand, Renounce Religion


You escaped.
You worshipped Trog.
Trog was greatly pleased with you.
You were not hungry.

You visited 1 branch of the dungeon, and saw 2 of its levels.

You collected 40 gold pieces.

Inventory:

Hand weapons
 a - a +0,+0 mace (weapon)
Armour
 b - a +0 animal skin (worn)
Comestibles
 c - 2 meat rations
 n - 2 bread rations
Scrolls
 f - 2 scrolls of magic mapping {unknown}
 h - a scroll of enchant weapon II {unknown}
 j - 6 scrolls of identify {unknown}
 k - 2 scrolls of enchant weapon I {unknown}
 l - 3 scrolls of teleportation {unknown}
 o - a scroll of fear {unknown}
 q - a scroll of noise {unknown}
Jewellery
 d - an uncursed amulet of guardian spirit {unknown}
 g - an uncursed amulet of stasis {unknown}
 p - an uncursed ring of sustain abilities {unknown}
Potions
 e - a potion of speed {unknown}
 i - 2 potions of confusion {unknown}


   Skills:
 + Level 4.9 Fighting
 + Level 4.7 Maces & Flails
 + Level 4.0 Dodging


You had 3 spell levels left.
You didn't know any spells.

Dungeon Overview and Level Annotations

Branches:
Dungeon (2/27)

Altars:


Innate Abilities, Weirdness & Mutations

You are too large for most types of armour.
You have a fast metabolism.
You can tolerate rotten meat.
You have tough skin (AC +1).


Message History

A giant cockroach comes into view.
The giant cockroach waves its antennae.
The rat closely misses you.
You hit the rat.
You kill the rat!
Trog accepts your kill. The giant cockroach bites you.
You hit the giant cockroach.
The giant cockroach is moderately wounded.
The giant cockroach bites you.
The giant cockroach bites you but does no damage.
You hit the giant cockroach.
You kill the giant cockroach!
Trog accepts your kill.
No target in view!
No target in view!
HP restored.
There is a staircase leading out of the dungeon here.
Are you sure you want to leave the Dungeon?
This will make you lose the game!
You have escaped!

#.##########.##########......
#.##.................##......
#.#.#.......#.......#.#......
###..#...#...#.....#..#....).
#...#...#...#...#...#......
#....#...#...#.#....#...)..
#.....#.#.#...#.....###.###
#......#...#...#....###.###
####...#.#...@.#...#..........
#.......#.....#.#.#.#..##.....
#.##.....#...#...#.....#......
#.##.....##.....##.....#......
#.##....#..#...#..#....#......
####.##...#....#.#....#...###....
#.....#..#......#......#..#......
#.....#.#......#...(....#.###....
#.....##.................##......


There were no monsters in sight!

Vanquished Creatures
  4 gnolls
  2 giant geckos
  11 hobgoblins
  4 kobolds
  2 ball pythons
  4 bats
  3 giant cockroaches (D:1)
  6 giant newts
  5 goblins
  2 jackals (D:1)
  7 rats
50 creatures vanquished.

Notes
Turn   | Place    | Note
--------------------------------------------------------------
     0 | D:1      | Malachi, the Ogre Berserker, began the quest for the Orb.
     0 | D:1      | Reached XP level 1. HP: 23/23 MP: 0/0
   151 | D:1      | Reached XP level 2. HP: 29/32 MP: 1/1
   425 | D:1      | Reached XP level 3. HP: 39/39 MP: 2/2
   511 | D:1      | Acquired Trog's second power
  1010 | D:2      | Reached XP level 4. HP: 44/48 MP: 3/3
  1333 | D:$      | Got out of the dungeon alive.

Action                   |  1- 3 |  4- 6 || total
-------------------------+-------+-------++-------
Melee: Mace              |   109 |    24 ||   133
Invok: Berserk           |     1 |       ||     1
